 Dungeon Crawl Stone Soup version 0.31-a0-180-g519b7de00c (webtiles) character file.

Game seed: 11145298312671007629

32146 Jeffwins the Destroyer (level 13, -2/85 HPs)
             Began as an Octopode Wanderer on June 19, 2023.
             Was an Initiate of Gozag.
             Slain by a yak (8 damage)
             ... on level 3 of the Lair of Beasts on June 20, 2023.
             The game lasted 00:42:19 (23282 turns).

Jeffwins the Destroyer (Octopode Wanderer)         Turns: 23282, Time: 00:42:20

Health: -2/85      AC:  2    Str: 17    XL:     13   Next: 62%
Magic:  8/25       EV: 16    Int: 17    God:    Gozag
Gold:   2231       SH: 11    Dex: 19    Spells: 12/28 levels left

rFire   + . .        r - +0 rapier of Eheckob {flame, rC+ Dex+5}
rCold   + . .        c - +0 buckler
rNeg    . . .        f - +1 hat
rPois   +            O - amulet of reflection
rElec   .            R - ring of resist corrosion
rCorr   +            F - ring of protection from fire
SInv    .            S - +6 ring of strength
Will    .....        Z - ring of wizardry
Stlth   +++++        P - ring of poison resistance
HPRegen 0.34/turn    (no ring)
MPRegen 0.19/turn    (no ring)
                     (no ring)

%: reflection, wizardry (x1)
@: gold aura
A: almost no armour, amphibious, 8 rings, camouflage 1, gelatinous body 1,
(nimble swimmer 1), tentacles
a: Renounce Religion, Potion Petition, Call Merchant, Bribe Branch


You were on level 3 of the Lair of Beasts.
You worshipped Gozag.
Gozag was most pleased with you.
You visited 3 branches of the dungeon, and saw 18 of its levels.

You collected 3550 gold pieces.
You spent 699 gold pieces at shops.
You paid 620 gold pieces to Gozag.


Innate Abilities, Weirdness & Mutations

You cannot wear most types of armour.
You are amphibious.
You can wear up to eight rings at the same time.
Your skin changes colour to match your surroundings (Stealth+).
Your rubbery body absorbs attacks. (AC +1, EV +1)
((You are camouflaged when in or above water. (Stealth+)))
You have tentacles for arms and can constrict up to eight enemies at once.


   Skills:
 + Level 6.7 Fighting
 - Level 5.0 Ranged Weapons
 + Level 6.5 Dodging
 + Level 9.3 Stealth
 + Level 6.5 Shields
 * Level 8.4 Spellcasting
 * Level 9.9 Conjurations
 - Level 2.0 Transmutations
 * Level 8.8 Fire Magic
 * Level 6.0 Air Magic
 - Level 8.0 Earth Magic


You had 12 spell levels left.
You knew the following spells:

 Your Spells              Type           Power      Damage    Failure   Level
s - Sticky Flame          Conj/Fire      39%        2d6       1%          4
x - Stone Arrow           Conj/Erth      74%        3d11      1%          3
z - Foxfire               Conj/Fire      100%       2x1d9     1%          1
I - Blink                 Tloc           14%        N/A       8%          2
X - Plasma Beam           Fire/Air       16%        2x1d27    32%         6

Your spell library contained the following spells:

 Spells                   Type           Power      Damage    Failure   Level
 Magic Dart               Conj           100%       1d8       1%          1
 Passwall                 Tmut/Erth      20%        N/A       1%          2
 Searing Ray              Conj           82%        2d7       1%          2
 Hailstorm                Conj/Ice       24%        3d7       1%          3
 Mephitic Cloud           Conj/Pois/Air  25%        N/A       1%          3
 Swiftness                Air            27%        N/A       1%          3
 Flame Wave               Conj/Fire      39%        2d11      1%          4
 Beastly Appendage        Tmut           28%        N/A       2%          1
 Ignite Poison            Fire/Tmut/Pois 19%        N/A       3%          3
 Slow                     Hex            28%        N/A       4%          1
 Vhi's Electric Charge    Tloc/Air       34%        N/A       4%          3
 Arcjolt                  Conj/Air       17%        1d27      5%          5
 Fulminant Prism          Conj/Hex       12%        3d9       6%          4
 Petrify                  Tmut/Erth      24%        N/A       6%          4
 Call Imp                 Summ           14%        N/A       8%          2
 Ensorcelled Hibernation  Hex/Ice        14%        N/A       8%          2
 Lesser Beckoning         Tloc           14%        N/A       8%          2
 Sublimation of Blood     Necr           7%         N/A       8%          2
 Irradiate                Conj/Tmut      13%        3d16      12%         5
 Confusing Touch          Hex            7%         N/A       16%         3
 Gell's Gravitas          Tloc           7%         N/A       16%         3
 Teleport Other           Tloc           7%         N/A       16%         3
 Vampiric Draining        Necr           7%         2d6       16%         3
 Conjure Ball Lightning   Conj/Air       17%        3x3d6     26%         6
 Ice Form                 Ice/Tmut       10%        N/A       32%         4
 Manifold Assault         Tloc           7%         N/A       43%         4
 Storm Form               Tmut/Air       10%        N/A       100%        7
 Discord                  Hex            3%         N/A       100%        8
 Disjunction              Tloc           3%         N/A       100%        8
 Lehudib's Crystal Spear  Conj/Erth      18%        10d6      100%        8
 Animate Armour           Summ/Erth      Unusable   N/A       N/A         4
 Simulacrum               Ice/Necr       Unusable   N/A       N/A         6

Inventory:

Hand Weapons
 a - a +0 dagger
 r - the +0 rapier of Eheckob (weapon) {flame, rC+ Dex+5}
   (You found it on level 4 of the Dungeon)

   Dex:       It affects your dexterity (+5).
   rC:        It protects you from cold.
 t - a +1 whip of holy wrath
 x - a +2 falchion of draining
 D - a +0 triple crossbow
 L - a +0 arbalest
 M - a +5 rapier of protection
Missiles
 j - 24 poisoned darts (quivered)
 E - 3 throwing nets {=f}
 I - a curare-tipped dart {=f}
Armour
 c - a +0 buckler (worn)
 f - a +1 hat (worn)
 g - a +2 kite shield
 N - the +18 shield of the Gong {Loud rN+ Will+ rCorr EV-5}
   (You found it on level 12 of the Dungeon)

   Loud:      It is deafeningly noisy when blocking attacks.
   EV:        It affects your evasion (-5).
   rN:        It protects you from negative energy.
   rCorr:     It protects you from acid and corrosion.
   Will:      It increases your willpower.
Magical Staves
 y - a staff of conjuration {!a}
Jewellery
 F - a ring of protection from fire (right tentacle)
 O - an amulet of reflection (around mantle)
 P - a ring of poison resistance (on tentacle)
 R - a ring of resist corrosion (left tentacle)
 S - a +6 ring of strength (on tentacle)
 Z - a ring of wizardry (on tentacle)
Wands
 p - a wand of digging (9)
 u - a wand of roots (7)
 B - a wand of flame (23)
 Q - a wand of mindburst (6)
Scrolls
 b - 5 scrolls of teleportation {@r4}
 e - 2 scrolls of vulnerability {!r}
 h - 2 scrolls of butterflies
 k - a scroll of enchant armour
 n - 7 scrolls of fear
 q - a scroll of blinking
 v - 6 scrolls of enchant weapon
 A - a scroll of torment {!r}
 G - a scroll of immolation {!r}
 H - a scroll of brand weapon
 K - a scroll of revelation
 W - a scroll of amnesia
Potions
 d - a potion of berserk rage {unknown}
 i - 3 potions of enlightenment {unknown}
 l - 2 potions of lignification {!q}
 m - 4 potions of curing {@q1}
 o - a potion of might {unknown}
 s - 5 potions of heal wounds {@q2}
 w - 5 potions of attraction {unknown}
 z - a potion of haste {unknown}
 C - 2 potions of mutation {unknown}
 J - a potion of degeneration {unknown}
 T - 2 potions of cancellation {unknown}
 U - a potion of resistance {unknown}

Dungeon Overview and Level Annotations

Branches:
Dungeon (13/15)            Temple (1/1) D:4            Lair (4/5) D:8
 Shoals (0/4) Lair:3        Snake (0/4) Lair:2          Orc (0/2) D:12
  Slime: Lair:4-5    Vaults: D:13-14

Altars:
Ashenzari
Cheibriados
Dithmenos
Elyvilon
Fedhas
Gozag
Hepliaklqana
Kikubaaqudgha
Makhleb
Nemelex Xobeh
Okawaru
Qazlal
Ru
Sif Muna
Trog
Uskayaw
Vehumet
Wu Jian
Xom
Yredelemnul
Zin
The Shining One

Shops:
D:2 *   D:7 [   D:10 *

Annotations:
D:11 1 runed translucent door

.....##...(..P(........#####.....
....^##.....(((.......## #.....
.....####^..(.........# ##....
P#.+..)####...).+P##### #####
###.#### ###.#..## ###...# #..##
#....## ###..#>#. ##.P# ##.#####
#####...~~~~~ #...#
#.+###.###..##.)~~###~ ##.##
#..$.@....))..~.###.## ##..#
#...$Y....)...###..... #P..#
##............###...... #P.P#
#..............#....... ##..#
##...<......#..##...... #..##
##.........###..#...... ##.##
#...........##..#...).. #P..#
#...........##..#...... ##.##
#..........####........


You could see a yak.


Message History

Casting: Stone Arrow (safe; 1% risk of failure)
Confirm with . or Enter, or press ? or * to list all spells.
Aiming: Stone Arrow (safe; 1% risk of failure)
Press: ? - help, Shift-Dir - straight line, f/p - blink frog
Aim: a blink frog (almost dead, 54% to hit)
The stone arrow hits the blink frog!!
You kill the blink frog!
The yak is distracted by your dazzling golden aura.
Unknown command.
Casting: Stone Arrow (safe; 1% risk of failure)
Confirm with . or Enter, or press ? or * to list all spells.
Aiming: Stone Arrow (safe; 1% risk of failure)
Press: ? - help, Shift-Dir - straight line, f - yak
Aim: a yak (unaware, hasn't noticed you, 84% to hit)
The stone arrow hits the yak!!
The yak is heavily wounded.
The yak is no longer distracted by gold.
The yak bellows!
The yak gores you.
* * * LOW HITPOINT WARNING * * *
Casting: Stone Arrow (safe; 1% risk of failure)
Confirm with . or Enter, or press ? or * to list all spells.
Aiming: Stone Arrow (safe; 1% risk of failure)
Press: ? - help, Shift-Dir - straight line, f/p - yak
Aim: a yak (heavily wounded, 84% to hit)
The stone arrow hits the yak!
The yak is severely wounded.
The yak gores you!
You die...
Your body crumbles into a pile of gold.

Skill      XL: |  1  2  3  4  5  6  7  8  9 10 11 12 13 |
---------------+----------------------------------------+-----
Stealth        | 1 2 3 4 5 6 7 8 9 |  9.3
Fire Magic     | 1 2 3 4 5 6 7 8 |  8.8
Dodging        | 1 2 3 4 5 6 |  6.5
Spellcasting   | 3 4 5 6 7 8 |  8.4
Fighting       | 2 3 4 5 6 |  6.7
Shields        | 2 3 4 5 6 |  6.5
Earth Magic    | 1 2 3 5 6 7 8 |  8.0
Conjurations   | 5 6 7 8 9 |  9.9
Ranged Weapons | 2 4 5 |  5.0
Air Magic      | 3 4 6 |  6.0
Transmutations | |  2.0

Action                     |  1- 3 |  4- 6 |  7- 9 | 10-12 | 13-15 || total
---------------------------+-------+-------+-------+-------+-------++-------
  Melee: Dagger            |    62 |    50 |       |       |       ||   112
         Constrict         |    18 |    16 |    13 |    13 |     8 ||    68
         Tentacles         |    12 |    19 |     9 |    30 |    16 ||    86
         Punch             |     3 |       |     1 |     4 |     1 ||     9
         Rapier            |       |    19 |    42 |   103 |    39 ||   203
  Throw: Dart              |       |     4 |       |    11 |       ||    15
   Cast: Foxfire           |    24 |    70 |   246 |   289 |    87 ||   716
         Stone Arrow       |       |       |    24 |   232 |   118 ||   374
         Sticky Flame      |       |       |     2 |       |       ||     2
 Invoke: Call Merchant     |       |       |       |     1 |       ||     1
  Evoke: Wand              |       |       |     5 |    17 |    13 ||    35
    Use: Potion            |       |     1 |     1 |       |       ||     2
         Scroll            |       |       |     8 |     4 |     1 ||    13
   Stab: Sleeping          |     7 |     4 |     6 |     4 |       ||    21
         Distracted        |       |     2 |     1 |       |       ||     3
 Armour: Skin              |     9 |    15 |     9 |    12 |     5 ||    50
  Dodge: Dodged            |    35 |    34 |    79 |   123 |    59 ||   330
  Block: Buckler           |    12 |    17 |    34 |    77 |    59 ||   199
         Reflection        |       |       |       |     2 |       ||     2

Levels and vault maps discovered:
D:1:      wander_arrival_lonely_grave, layout_basic
D:2:      layout_rooms, serial_shops, nicolae_shop_overgrown_old_shop,
          minmay_misc_feat_plants, minmay_pentomino_x4
D:3:      layout_loops_ring
D:4:      layout_rooms, gammafunk_temple_overflow_forgotten,
          minmay_temple_entry_grid, grunt_decor_clamped, uniq_edmund
D:5:      layout_rooms, old_standard_altar
D:6:      layout_basic
D:7:      layout_rooms, serial_shops, nicolae_diamond_shop, minivault_25,
          grunt_ministairs_5
D:8:      layout_loops_ring, due_lair_maze_entry_diamond
D:9:      layout_basic, mainiacjoe_overflow_concentric_impassable,
          gammafunk_temple_overflow_claw, uniq_harold
D:10:     layout_loops_ring, grunt_dithmenos_shadows, hangedman_decor_push
D:11:     layout_layer_cave, wad_hexagon, uniq_psyche, uniq_lodul
D:12:     layout_long_grid, orc_0_dummy, st_stairs_4,
          hellmonk_guarded_unrand_gong
D:13:     layout_basic, david_vaults_4, uniq_erolcha
Temple:   nicolae_temple_bog_church
Lair:1:   layout_gridlike, basic_altar, serial_bayou_shore_a,
          infiniplex_staircase_pool_2
Lair:2:   layout_small_grid, nicolae_snake_entry_squirm, minmay_hedge_maze,
          grunt_forest_small_clearings, beast_lair_carwin_4
Lair:3:   layout_roguey, elwin_shoals_entry_stream, lemuel_fruit_tree,
          grunt_megastairs_5
Lair:4:   layout_gridlike, slime_entry_1, small_statue_intersection,
          chequers_serial_rivers_marsh, serial_bayou_pond_e,
          serial_bayou_shore_b

Notes
Turn   | Place    | Note
-------+----------+-------------------------------------------
     0 | D:1      | Jeffwins the Octopode Wanderer began the quest for the Orb.
     0 | D:1      | Jeffwins set off with the following items: a +0 dagger, a
                  | scroll of teleportation {@r4}, a +0 buckler; and the
                  | following spells available to memorise: Beastly Appendage,
                  | Foxfire, Ignite Poison, Flame Wave, Sticky Flame.
     0 | D:1      | Reached XP level 1. HP: 13/13 MP: 3/3
     2 | D:1      | Learned a level 1 spell: Foxfire
   174 | D:1      | Reached XP level 2. HP: 18/18 MP: 5/5
   384 | D:1      | Reached skill level 1 in Stealth
   384 | D:1      | Reached XP level 3. HP: 11/23 MP: 6/6
   387 | D:1      | Reached skill level 1 in Fire Magic
   816 | D:2      | Found Idibah's Assorted Antiques.
  1009 | D:2      | Reached skill level 1 in Dodging
  1020 | D:2      | Reached XP level 4. HP: 8/28 MP: 0/8
  1851 | D:3      | Reached XP level 5. HP: 29/33 MP: 5/9
  2705 | D:4      | Found a white marble altar of Elyvilon.
  2705 | D:4      | Found a shimmering altar of Xom.
  2705 | D:4      | Identified the +0 rapier of Eheckob {flame, rC+ Dex+5}
  2707 | D:4      | Found a blossoming altar of Fedhas.
  2780 | D:4      | Found a staircase to the Ecumenical Temple.
  2792 | Temple   | Entered the Ecumenical Temple
  2925 | Temple   | Became a worshipper of Gozag Ym Sagoz the Greedy
  2956 | D:4      | You fall into a shaft and drop 2 floors!
  2977 | D:6      | Reached skill level 2 in Stealth
  2977 | D:6      | Reached skill level 3 in Spellcasting
  2977 | D:6      | Reached skill level 2 in Fire Magic
  2982 | D:6      | Learned a level 4 spell: Sticky Flame
  2986 | D:6      | Learned a level 3 spell: Stone Arrow
  3093 | D:6      | Noticed a black bear
  3101 | D:6      | Killed a black bear
  3102 | D:6      | Reached skill level 2 in Fighting
  3102 | D:6      | Reached skill level 2 in Shields
  3102 | D:6      | Reached XP level 6. HP: 31/39 MP: 1/10
  3223 | D:6      | Reached skill level 1 in Earth Magic
  3373 | D:5      | Entered Level 5 of the Dungeon
  3400 | D:4      | Reached skill level 5 in Conjurations
  3400 | D:4      | Reached XP level 7. HP: 45/45 MP: 6/12
  3495 | D:4      | Reached skill level 2 in Dodging
  3951 | D:4      | Noticed Edmund
  3964 | D:4      | Killed Edmund
  3965 | D:4      | Reached skill level 3 in Stealth
  3965 | D:4      | Reached skill level 3 in Fire Magic
  3965 | D:4      | Reached skill level 2 in Earth Magic
  4654 | D:4      | Reached XP level 8. HP: 38/51 MP: 9/13
  5047 | D:5      | Found an ancient bone altar of Kikubaaqudgha.
  5061 | D:5      | Reached skill level 4 in Spellcasting
  5226 | D:5      | Reached skill level 3 in Fighting
  5362 | D:5      | Reached skill level 4 in Stealth
  5362 | D:5      | Reached skill level 3 in Shields
  5362 | D:5      | Reached skill level 3 in Earth Magic
  5978 | D:2      | Bought a scroll labelled JIACY DOUM EMY for 24 gold pieces
  5978 | D:2      | Bought 2 viscous grey potions for 43 gold pieces
  5978 | D:2      | Bought 2 scrolls labelled MUYCIO YBEKU for 48 gold pieces
  5978 | D:2      | Bought a runed golden amulet for 120 gold pieces
  6176 | D:6      | Reached skill level 3 in Dodging
  6176 | D:6      | Reached skill level 6 in Conjurations
  6176 | D:6      | Reached skill level 4 in Fire Magic
  6417 | D:6      | Reached XP level 9. HP: 57/57 MP: 4/15
  7378 | D:7      | Reached skill level 5 in Stealth
  7378 | D:7      | Reached skill level 4 in Earth Magic
  7541 | D:7      | Found Figoteegh's Armour Shop.
  7620 | D:7      | Reached skill level 5 in Spellcasting
  8032 | D:7      | Reached skill level 5 in Fire Magic
  8196 | D:8      | HP: 3/58 [killer bee (8)]
  8198 | D:8      | HP: 1/58 [poisoned by a killer bee]
  8442 | D:8      | Reached skill level 4 in Fighting
  8551 | D:8      | Reached skill level 4 in Shields
  8631 | D:8      | Noticed a two-headed ogre
  8640 | D:8      | Killed a two-headed ogre
  8641 | D:8      | Reached skill level 4 in Dodging
  8641 | D:8      | Reached skill level 7 in Conjurations
  8641 | D:8      | Reached skill level 5 in Earth Magic
  8641 | D:8      | Reached XP level 10. HP: 64/64 MP: 3/18
  8645 | D:8      | Reached skill level 6 in Stealth
  8779 | D:8      | Found a staircase to the Lair.
  9670 | D:9      | Reached skill level 1 in Ranged Weapons
  9706 | D:9      | Found a sparkling altar of Nemelex Xobeh.
  9732 | D:9      | Reached skill level 6 in Spellcasting
  9865 | D:9      | Reached skill level 6 in Fire Magic
 10306 | D:9      | Reached skill level 2 in Ranged Weapons
 10416 | D:9      | Learned a level 6 spell: Plasma Beam
 10540 | D:9      | Reached XP level 11. HP: 28/70 MP: 0/20
 10861 | D:9      | Reached skill level 1 in Air Magic
 11114 | D:9      | Noticed Harold
 11118 | D:9      | Reached skill level 6 in Earth Magic
 11132 | D:9      | Killed Harold
 11133 | D:9      | Reached skill level 5 in Fighting
 11286 | D:9      | Found an iron altar of Okawaru.
 11286 | D:9      | Found a radiant altar of Vehumet.
 11286 | D:9      | Found a snail-covered altar of Cheibriados.
 11436 | D:10     | Entered Level 10 of the Dungeon
 11519 | D:10     | Reached skill level 3 in Ranged Weapons
 11519 | D:10     | Reached skill level 7 in Stealth
 11519 | D:10     | Reached skill level 5 in Shields
 11519 | D:10     | Reached skill level 8 in Conjurations
 11531 | D:10     | Noticed a two-headed ogre
 11635 | D:10     | Killed a two-headed ogre
 11636 | D:10     | Reached skill level 2 in Air Magic
 11929 | D:10     | Reached skill level 5 in Dodging
 12972 | D:10     | Found a shadowy altar of Dithmenos.
 13486 | D:10     | Bought a scroll of identify for 66 gold pieces
 13486 | D:10     | Bought a glowing rapier for 231 gold pieces
 13486 | D:10     | Bought a wand of quicksilver (1) for 138 gold pieces
 13486 | D:10     | Bought a viscous grey potion for 29 gold pieces
 13545 | D:11     | Reached skill level 7 in Fire Magic
 13629 | D:11     | Noticed Lodul
 13637 | D:11     | Killed Lodul
 13649 | D:11     | Reached skill level 3 in Air Magic
 13871 | D:11     | Reached skill level 4 in Ranged Weapons
 13923 | D:11     | Reached skill level 7 in Spellcasting
 14285 | D:11     | Reached XP level 12. HP: 63/77 MP: 1/22
 14288 | D:11     | Found a runed translucent door.
 14290 | D:11     | Noticed an ice dragon
 14413 | D:11     | Noticed Psyche
 14416 | D:11     | Killed Psyche
 15864 | D:12     | Reached skill level 7 in Earth Magic
 16183 | D:12     | Noticed a boulder beetle
 16192 | D:12     | Killed a boulder beetle
 16193 | D:12     | Reached skill level 8 in Stealth
 16283 | D:12     | Reached skill level 4 in Air Magic
 16772 | D:12     | Found a staircase to the Orcish Mines.
 17104 | D:12     | Found the +18 shield of the Gong {Loud rN+ Will+ rCorr
                  | EV-5}
 17412 | Lair:1   | Entered Level 1 of the Lair of Beasts
 17555 | Lair:1   | Reached skill level 9 in Conjurations
 17556 | Lair:1   | Upgraded the game from 0.31-a0-177-g4aa6249778 to
                  | 0.31-a0-180-g519b7de00c
 17696 | Lair:1   | Reached skill level 5 in Ranged Weapons
 17793 | Lair:1   | Found a shimmering blue altar of Sif Muna.
 18467 | Lair:1   | Reached skill level 6 in Fighting
 19356 | Lair:1   | Reached skill level 6 in Shields
 19356 | Lair:1   | Reached skill level 8 in Fire Magic
 19504 | Lair:2   | Reached skill level 6 in Dodging
 19506 | Lair:2   | Reached XP level 13. HP: 45/83 MP: 7/24
 19803 | Lair:2   | Reached skill level 5 in Air Magic
 20570 | Lair:2   | Reached skill level 8 in Spellcasting
 20864 | Lair:2   | Found a staircase to the Snake Pit.
 21024 | Lair:3   | Reached skill level 8 in Earth Magic
 21034 | Lair:3   | Learned a level 2 spell: Blink
 21461 | Lair:3   | Reached skill level 9 in Stealth
 22837 | Lair:3   | Found a staircase to the Shoals.
 23202 | Lair:3   | Reached skill level 6 in Air Magic
 23279 | Lair:3   | HP: 7/85 [yak (15)]
 23282 | Lair:3   | Slain by a yak

Vanquished Creatures
  A catoblepas (Lair:3)
  Harold (D:9)
  2 two-headed ogres
  A boulder beetle (D:12)
  Lodul (D:11)
  A deep elf pyromancer (D:12)
  An ugly thing (D:11)
  A manticore (D:12)
  4 cyclopes
  2 black mambas (Lair:3)
  6 elephants
  A vault sentinel (D:12)
  2 merfolk sirens (Lair:3)
  A gargoyle (D:11)
  6 cane toads
  A torpor snail (Lair:4)
  Psyche (D:11)
  A rime drake (Lair:3)
  4 komodo dragons
  A tengu conjurer (D:10)
  2 merfolk (Lair:3)
  4 trolls
  8 blink frogs (Lair:3)
  A hornet (D:12)
  A vampire (D:12)
  4 shadows
  4 wyverns
  5 wraiths
  3 basilisks
  22 yaks
  4 steam dragons
  3 vampire mosquitoes (D:11)
  3 nagas (Lair:2)
  Edmund (D:4)
  3 acid dragons
  10 water moccasins
  2 orc warriors
  3 ice beasts
  8 black bears
  10 ogres
  4 centaurs
  14 wolves
  A phantom (D:7)
  2 kobold brigands
  14 bullfrogs
  5 scorpions
  12 wights
  8 killer bees
  An electric eel (Lair:1)
  A howler monkey (D:12)
  A hound (D:4)
  2 jellies
  2 orc priests
  2 gnoll boudas (D:7)
  2 sleepcaps
  3 iguanas
  4 hell rats (Lair:3)
  10 orc wizards
  15 gnolls
  5 adders
  A white imp (D:6)
  An ufetubus (D:6)
  3 worms
  3 dart slugs
  30 orcs
  6 ball pythons
  8 endoplasms
  5 giant cockroaches
  4 goblins
  2 hobgoblins
  6 jackals
  16 kobolds
  7 quokkas
  4 bats
  3 frilled lizards
  6 rats
353 creatures vanquished.

Vanquished Creatures (collateral kills)
  10 foxfires
10 creatures vanquished.

Vanquished Creatures (others)
  1278 foxfires
1278 creatures vanquished.

Grand Total: 1641 creatures vanquished

Table legend: (Time is in decaauts)
 A = Elapsed time spent in this place.
 B = Non-inter-level travel time spent in this place.
 C = Inter-level travel time spent in this place.
 D = Time resting spent in this place.
 E = Time spent auto-exploring this place.
 F = Levels seen in this place.
 G = Mean time per level.
                   A        B        C        D        E       F      G
               +--------+--------+--------+--------+--------+-----+--------+
         Total |  23384 |  22473 |    911 |   2128 |  16899 |  18 | 1299.1 |
       Dungeon |  17344 |  16519 |    825 |   1184 |  12788 |  13 | 1334.2 |
        Temple |    149 |    132 |     17 |      0 |    120 |   1 |  149.0 |
          Lair |   5890 |   5821 |     69 |    944 |   3991 |   4 | 1472.5 |
               +--------+--------+--------+--------+--------+-----+--------+

Top non-repeatable levels by time:
    D:11: 2563 daAuts
  Lair:3: 2181 daAuts
  Lair:2: 2095 daAuts
     D:9: 2035 daAuts
    D:10: 1862 daAuts
  Lair:1: 1585 daAuts
     D:6: 1548 daAuts
     D:4: 1535 daAuts
     D:8: 1491 daAuts
    D:12: 1259 daAuts
     D:5: 1160 daAuts
     D:3: 1104 daAuts
     D:7: 992 daAuts
     D:2: 864 daAuts
     D:1: 840 daAuts

Table legend:
 A = Non-vault XP
 B = Vault XP
 C = Vault XP percentage of total XP
 D = Non-vault monster count
 E = Vault monster count
 F = Vault count percentage of total count
                 A         B        C        D         E       F
            +---------+---------+-------+---------+---------+-------
      Total |   34064 |   11860 |  25.8 |     292 |      61 |  17.3
            +---------+---------+-------+---------+---------+-------
        D:1 |      54 |       0 |   0.0 |      22 |       0 |   0.0
        D:2 |     100 |       5 |   4.8 |      27 |       3 |  10.0
        D:3 |      36 |       0 |   0.0 |      12 |       0 |   0.0
        D:4 |     514 |     154 |  23.1 |      24 |       1 |   4.0
        D:5 |     765 |       0 |   0.0 |      27 |       0 |   0.0
        D:6 |     807 |       0 |   0.0 |      14 |       0 |   0.0
        D:7 |    1123 |     308 |  21.5 |      10 |       7 |  41.2
        D:8 |    1452 |    1300 |  47.2 |      14 |      10 |  41.7
        D:9 |    3468 |     852 |  19.7 |      28 |       1 |   3.4
       D:10 |    3457 |     214 |   5.8 |      24 |       1 |   4.0
       D:11 |    3304 |    2837 |  46.2 |      15 |      13 |  46.4
       D:12 |    2846 |    2127 |  42.8 |       6 |       6 |  50.0
     Lair:1 |    3557 |     213 |   5.6 |      17 |       1 |   5.6
     Lair:2 |    3432 |    1606 |  31.9 |      14 |       8 |  36.4
     Lair:3 |    8416 |    2244 |  21.1 |      35 |      10 |  22.2
     Lair:4 |     733 |       0 |   0.0 |       3 |       0 |   0.0
            +---------+---------+-------+---------+---------+-------
